 Dungeon Crawl Stone Soup version 0.29-a0-780-g652cadfb38 (webtiles) character file.

Game seed: 6140026904443020434

424 Bnni the Shooter (level 6, 0/73 HPs)
             Began as a Demonspawn Hunter on July 2, 2022.
             Was an Initiate of Okawaru.
             Succumbed to a water moccasin's poison
             ... on level 5 of the Dungeon.
             The game lasted 00:05:03 (3384 turns).

Bnni the Shooter (Demonspawn Hunter)                Turns: 3384, Time: 00:05:03

Health: 0/73       AC:  9    Str: 14    XL:     6   Next: 64%
Magic:  6/6        EV:  7    Int: 10    God:    Okawaru [......]
Gold:   284        SH:  0    Dex: 29    Spells: 5/5 levels left

rFire   . . .      SeeInvis .   a - +0 shortbow
rCold   . . .      Faith    +   (shield currently unavailable)
rNeg    + . .      Spirit   .   l - +1 chain mail "Soustyik" {Str+3 Dex+4}
rPois   .          Reflect  .   (no helmet)
rElec   .          Harm     .   (no cloak)
rCorr   .          Rampage  .   (no gloves)
Will    .....                   (no boots)
Stlth   ..........              u - amulet of faith
HPRegen 0.22/turn               r - ring of positive energy
MPRegen 0.10/turn               t - +6 ring of dexterity

@: berserking, lethally poisoned (0 -> -3), flying, hasted, very quick
A: powered by pain 1
a: Renounce Religion


You were on level 5 of the Dungeon.
You worshipped Okawaru.
Okawaru was noncommittal.
You visited 1 branch of the dungeon, and saw 5 of its levels.

You collected 284 gold pieces.

Inventory:

Hand Weapons
 a - a +0 shortbow (weapon)
Missiles
 f - 9 poisoned darts
Armour
 l - the +1 chain mail "Soustyik" (worn) {Str+3 Dex+4}
   (You found it on level 2 of the Dungeon)

   Str:       It affects your strength (+3).
   Dex:       It affects your dexterity (+4).
Jewellery
 p - a ring of ice
 r - a ring of positive energy (left hand)
 t - a +6 ring of dexterity (right hand)
 u - an amulet of faith (around neck)
Scrolls
 b - a scroll of immolation
 c - a scroll of fog {unknown}
 k - 4 scrolls of teleportation {unknown}
 m - 2 scrolls of magic mapping {unknown}
 n - a scroll of enchant weapon {unknown}
 o - a scroll of fear {unknown}
Potions
 g - 2 potions of attraction
 h - a potion of resistance
 i - 3 potions of mutation
 j - a potion of heal wounds {unknown}
 q - a potion of haste


   Skills:
 + Level 4.3 Fighting
 * Level 6.3 Ranged Weapons
 - Level 1.7 Dodging
 - Level 0.8 Stealth


You had 5 spell levels left.
You didn't know any spells.
Your spell library was empty.

Dungeon Overview and Level Annotations

Branches:
Dungeon (5/15)
 Temple: D:4-7

Altars:
Ashenzari
Okawaru


Innate Abilities, Weirdness & Mutations

You sometimes gain a little power by taking damage.


Message History

You kill the water moccasin!
Okawaru accepts your kill.
* * * LOW HITPOINT WARNING * * *
You feel sick.
The phantom hits you but does no damage.
Fire: a) +0 shortbow
Press: ? - help, Q - select action, (/) - cycle Shift-Dir - straight line, f - phantom
Aim: a phantom (moderately damaged)
Okay, then.
It was a potion of magic.
Magic courses through your body.
* * * LOW HITPOINT WARNING * * *
You feel sick. The phantom hits you.
* * * LOW HITPOINT WARNING * * *
The phantom blinks!
You blink.
It was a potion of flight.
You feel very buoyant.
You fly up into the air.
* * * LOW HITPOINT WARNING * * *
You feel sick.
The phantom hits you but does no damage.
It was a potion of berserk rage.
A red film seems to cover your vision as you go berserk!
You feel yourself moving faster!
You feel mighty!
* * * LOW HITPOINT WARNING * * *
You feel sick. The phantom hits you.
* * * LOW HITPOINT WARNING * * *
The phantom blinks!
You blink.
You are too berserk!
You are too berserk!
You are too berserk!
You are too berserk!
Unknown command.
Really attack while wielding your +0 shortbow?
Okay, then.
Really attack while wielding your +0 shortbow? [Y]es or [N]o only, please.
Really attack while wielding your +0 shortbow?
Okay, then.
You feel a strong urge to attack something.
You die...

.... ....###############
...
#.......W........#####...
#................#(..#...
#.......@........#...#...
#................+...#...
#.....§..........#...#...
#.....§..........#'###...
###......§†.#####........
#.......§.# #........
#.........+ #........
#.(.......# #........
#.........# #.......)


You could see a phantom.

Vanquished Creatures
  A water moccasin (D:5)
  A phantom (D:5)
  2 necrophages (D:4)
  An iguana (D:3)
  4 adders
  A worm (D:2)
  A dart slug (D:2)
  3 orcs (D:4)
  6 endoplasms
  2 giant cockroaches
  4 goblins
  4 hobgoblins
  6 jackals
  2 quokkas
  4 ball pythons
  4 bats
  4 frilled lizards
  6 kobolds
  2 rats
58 creatures vanquished.

Notes
Turn   | Place    | Note
-------+----------+-------------------------------------------
     0 | D:1      | Bnni the Demonspawn Hunter began the quest for the Orb.
     0 | D:1      | Reached XP level 1. HP: 16/16 MP: 1/1
   232 | D:1      | Found a faded altar of an unknown god.
   495 | D:1      | Gained mutation: You sometimes gain a little power by
                  | taking damage. [demonic ancestry]
   495 | D:1      | Reached XP level 2. HP: 22/22 MP: 2/2
   759 | D:2      | Identified the +1 chain mail "Soustyik" {Str+3 Dex+4}
   787 | D:2      | Reached skill level 4 in Ranged Weapons
   954 | D:2      | Reached XP level 3. HP: 28/28 MP: 3/3
  1655 | D:3      | Reached XP level 4. HP: 35/35 MP: 4/4
  2015 | D:3      | Reached skill level 5 in Ranged Weapons
  2691 | D:4      | Noticed a necrophage
  2694 | D:4      | Killed a necrophage
  2695 | D:4      | Reached XP level 5. HP: 41/41 MP: 5/5
  2698 | D:4      | Found a broken altar of Ashenzari.
  2869 | D:4      | Found an iron altar of Okawaru.
  2872 | D:4      | Became a worshipper of Warmaster Okawaru
  3199 | D:5      | Entered Level 5 of the Dungeon
  3199 | D:5      | Noticed a phantom
  3213 | D:5      | Killed a phantom
  3214 | D:5      | Reached skill level 6 in Ranged Weapons
  3214 | D:5      | Reached XP level 6. HP: 26/48 MP: 6/6
  3358 | D:5      | Noticed a water moccasin
  3379 | D:5      | Killed a water moccasin
  3381 | D:5      | HP: 2/49 [poisoned by a water moccasin]
  3384 | D:5      | Succumbed to a water moccasin's poison

Illustrated notes

Levels and vault maps discovered:
D:1:      moated_graveyard_arrival, layout_loops_ring,
          dreamdust_ecumenical_altar_grove, wad_floor_pattern_1
D:2:      layout_basic
D:3:      layout_loops_ring, hangedman_decor_slide_cut
D:4:      layout_gridville, minitemple
D:5:      layout_gridville, minmay_temple_entry_statues_fountains

Skill      XL: |  1  2  3  4  5 |
---------------+----------------+-----
Ranged Weapons | 4 5 6 |  6.3
Fighting       | 3 4 |  4.3
Dodging        | |  1.7
Stealth        | |  0.8

Action                   |  1- 3 |  4- 6 || total
-------------------------+-------+-------++-------
 Fire: Shortbow          |    77 |    83 ||   160
  Use: Scroll            |       |     4 ||     4
       Potion            |       |     4 ||     4
Armor: Leather armour    |     1 |       ||     1
       Chain mail        |    31 |    37 ||    68
Dodge: Dodged            |    12 |    26 ||    38

Table legend: (Time is in decaauts)
 A = Elapsed time spent in this place.
 B = Non-inter-level travel time spent in this place.
 C = Inter-level travel time spent in this place.
 D = Time resting spent in this place.
 E = Time spent auto-exploring this place.
 F = Levels seen in this place.
 G = Mean time per level.
                   A        B        C        D        E       F      G
               +--------+--------+--------+--------+--------+-----+--------+
         Total |   3489 |   3373 |    116 |      0 |   2937 |   5 |  697.8 |
       Dungeon |   3489 |   3373 |    116 |      0 |   2937 |   5 |  697.8 |
               +--------+--------+--------+--------+--------+-----+--------+

Top non-repeatable levels by time:
     D:4: 1004 daAuts
     D:2: 816 daAuts
     D:3: 764 daAuts
     D:1: 711 daAuts
     D:5: 193 daAuts
